 Dungeon Crawl Stone Soup version 0.31-a0-460-g9e667d4245 (webtiles) character file.

Game seed: 8462274875009013559

662 MisterAzrael the Ruffian (level 7, -4/69 HPs)
             Began as an Octopode Shapeshifter on Aug 4, 2023.
             Slain by an unseen horror (8 damage)
             ... on level 6 of the Dungeon.
             The game lasted 00:05:41 (4061 turns).

MisterAzrael the Ruffian (Octopode Shapeshifter)    Turns: 4061, Time: 00:05:41

Health: -4/69      AC: 23    Str: 16    XL:     7   Next: 56%
Magic:  9/9        EV:  2    Int: 11    God:
Gold:   175        SH:  0    Dex: 12    Spells: 5/8 levels left

rFire   . .          .
                       - Unarmed
rCold   . . .        (no shield)
rNeg    + . .        (helmet currently unavailable)
rPois   +            (no amulet)
rElec   .            v - ring of positive energy
rCorr   .            (no ring)
SInv    .            (no ring)
Will    .....        (no ring)
Stlth   +            (no ring)
HPRegen 0.31/turn    (no ring)
MPRegen 0.11/turn    (no ring)
                     (no ring)

%: no passive effects
@: tree-form, attractive
A: stationary, stasis, torment immunity, boosted hp, almost no armour,
(amphibious), 8 rings, (camouflage 1), (gelatinous body 1), (nimble swimmer 1),
(tentacles)
a: no special abilities


You were on level 6 of the Dungeon.
You were a tree.
You visited 1 branch of the dungeon, and saw 6 of its levels.

You collected 175 gold pieces.

Inventory:

Missiles
 i - 4 poisoned darts
 s - 2 throwing nets
 w - 6 javelins
Jewellery
 v - a ring of positive energy (left branch)
 x - an amulet of reflection
Talismans
 b - a beast talisman
Wands
 j - a wand of mindburst (1) (quivered)
 n - a wand of iceblast (7)
Scrolls
 d - 2 scrolls of amnesia {unknown}
 e - 3 scrolls of fog {unknown}
 f - a scroll of teleportation {unknown}
 g - 7 scrolls of identify {unknown}
 k - 2 scrolls of noise {unknown}
 l - 2 scrolls of revelation {unknown}
 m - a scroll of fear {unknown}
 o - 2 scrolls of summoning {unknown}
 p - 2 scrolls of poison {unknown}
 r - a scroll of immolation {unknown}
 u - a scroll of blinking {unknown}
Potions
 c - a potion of degeneration {unknown}
 h - a potion of berserk rage {unknown}
 t - 2 potions of invisibility {unknown}


   Skills:
 + Level 3.5 Fighting
 + Level 4.1 Dodging
 + Level 4.6 Unarmed Combat
 + Level 1.3 Spellcasting
 + Level 2.7 Evocations
 + Level 4.2 Shapeshifting


You had 5 spell levels left.
You knew the following spells:

 Your Spells              Type           Power      Damage    Failure   Level
a - Confusing Touch       Hex            0%         N/A       67%         3

Your spell library contained the following spells:

 Spells                   Type           Power      Damage    Failure   Level
 Slow                     Hex            0%         N/A       30%         1
 Blink                    Tloc           0%         N/A       43%         2
 Portal Projectile        Hex/Tloc       0%         N/A       67%         3
 Summon Guardian Golem    Hex/Summ       0%         N/A       67%         3
 Tukima's Dance           Hex            0%         N/A       67%         3
 Vampiric Draining        Necr           0%         2d6       67%         3
 Iskenderun's Mystic Bla  Conj/Tloc      0%         2d3       97%         4
 Manifold Assault         Tloc           0%         N/A       97%         4
 Summon Lightning Spire   Summ/Air       0%         N/A       97%         4
 Lee's Rapid Deconstruct  Erth           0%         3d4*      100%        5
 Orb of Destruction       Conj           0%         9d5       100%        7
 Spellforged Servitor     Conj/Summ      0%         N/A       100%        7
 Animate Armour           Summ/Erth      Unusable   N/A       N/A         4

Dungeon Overview and Level Annotations

Branches:
Dungeon (6/15)
 Temple: D:4-7

Altars:
Zin

Shops:
D:2 [   D:3 *   D:5 =


Innate Abilities, Weirdness & Mutations

You are a tree.
Your roots penetrate the ground, keeping you stationary.
You cannot be teleported.
You are immune to unholy pain and torment.
Your maximum health is greatly increased.
You cannot wear most types of armour.
((You are amphibious.))
You can wear up to eight rings at the same time.
((Your skin changes colour to match your surroundings (Stealth+).))
((Your rubbery body absorbs attacks. (AC +1, EV +1)))
((You are camouflaged when in or above water. (Stealth+)))
((You have tentacles for arms and can constrict up to eight enemies at once.))


Message History

You now have 175 gold pieces (gained 14).
Found 5 large rocks.
The shop is a mimic!
The shop mimic giggles and vanishes in a puff of smoke!
Found a sling.
A black bear, an ufetubus and a white imp come into view.
Found a scroll labelled RIOCUFR GAYSS.
The black bear growls angrily.
You hear a bellow!
An ogre comes into view. It is wielding a +0 giant club.
x - an amulet of reflection The ufetubus shouts!
The ogre shouts!
You hear an angry hiss.
You hear an angry growl.
A hound comes into view.
An iguana comes into view.
The hound moves out of view.
The iguana hisses angrily.
Something hits you.
Deactivating autopickup; reactivate with Ctrl-A.
Something closely misses you. Something barely misses you.
Something barely misses you. Something hits you. Something hits you!
Something's mind is blasted!!
Something hits you. Something completely misses you.
The ufetubus's mind is blasted!
You blow up the ufetubus!
Something hits you. Something hits you. Something hits you but does no damage.
Something hits you. Something hits you!
* * * LOW HITPOINT WARNING * * *
It was a potion of attraction.
You feel attractive to monsters. Something hits you!
* * * LOW HITPOINT WARNING * * *
The iguana is attracted toward you. The ogre is attracted toward you.
Really quaff the potion of lignification?
Your transformation has ended.
You turn into a tree.
Your roots penetrate the ground.
Something hits you but does no damage.
The iguana bites you but does no damage.
Something hits you!
You die...

...# #..# .#.# #..#
.#.# #(.# ...#######
#..# #........# #..#
.........# #.§#
.######..# #.O####
.<# #..#####h.l..#
..# #..##.....♣..#
..#
#........##..######
.##
#.#####..##.........
.#
#.#####..##.########
.# #...........# .#
###########.#
.################.#
..................#
###################


You could see a black bear, an ogre and an iguana.

Vanquished Creatures
  A phantom (D:4)
  2 scorpions
  2 jellies
  3 hounds
  2 orc priests (D:3)
  An iguana (D:5)
  Jessica (D:3)
  Ijyb (D:3)
  Robin (D:4)
  3 gnolls (D:2)
  3 adders
  A white imp (D:6)
  An ufetubus (D:6)
  2 worms
  3 dart slugs
  7 orcs
  5 ball pythons
  8 bats
  9 endoplasms
  16 goblins
  6 hobgoblins
  4 jackals (D:1)
  8 kobolds
  2 quokkas
  3 frilled lizards
  6 rats
101 creatures vanquished.

Notes
Turn   | Place    | Note
-------+----------+-------------------------------------------
     0 | D:1      | MisterAzrael the Octopode Shapeshifter began the quest for
                  | the Orb.
     0 | D:1      | Reached XP level 1. HP: 13/13 MP: 1/1
    50 | D:1      | Reached XP level 2. HP: 18/18 MP: 2/2
   340 | D:1      | Reached XP level 3. HP: 21/23 MP: 3/3
   771 | D:2      | Found a faded altar of an unknown god.
   790 | D:2      | Found Irecitost's Armour Shoppe.
  1000 | D:2      | Reached XP level 4. HP: 24/29 MP: 4/4
  1047 | D:2      | HP: 1/29 [gnoll/+0 flail (11)]
  1602 | D:3      | Reached XP level 5. HP: 17/34 MP: 5/5
  1603 | D:3      | Reached skill level 1 in Evocations
  1697 | D:3      | Noticed Ijyb
  1702 | D:3      | Killed Ijyb
  1936 | D:3      | Learned a level 3 spell: Confusing Touch
  1943 | D:3      | Noticed Jessica
  1944 | D:3      | Killed Jessica
  2108 | D:3      | Found Zin's Purification Station.
  2113 | D:3      | Found a glowing silver altar of Zin.
  2262 | D:4      | Noticed a phantom
  2268 | D:4      | Killed a phantom
  2269 | D:4      | Reached XP level 6. HP: 41/41 MP: 6/6
  2404 | D:4      | Noticed Robin
  2414 | D:4      | Killed Robin
  3145 | D:5      | Entered Level 5 of the Dungeon
  3218 | D:5      | Reached XP level 7. HP: 46/46 MP: 6/8
  3466 | D:5      | Found Patur's Jewellery Emporium.
  3505 | D:5      | Reached skill level 1 in Spellcasting
  4017 | D:6      | Found Zubic's Distillery.
  4061 | D:6      | Slain by an unseen horror

Illustrated notes

Levels and vault maps discovered:
D:1:      minmay_arrival_solitary_statue, layout_rooms,
          chequers_serial_rivers_large_a, hangedman_decor_clover_reticule,
          chequers_serial_rivers_room_a
D:2:      layout_loops_ring, serial_shops, shop,
          hellmonk_ecumenical_altar_run_dry
D:3:      layout_loops_ring, zin_purify, uniq_jessica, uniq_ijyb
D:4:      layout_loops_corners, grunt_decor_junction, uniq_robin
D:5:      layout_gridville, serial_shops, shop
D:6:      cheibrodos_fzero, layout_loops_ring, grunt_qazlal_sundering,
          minmay_temple_entry_drinking_statues, serial_shops,
          nicolae_square_shop

Skill      XL: |  1  2  3  4  5  6  7 |
---------------+----------------------+-----
Fighting       | 2 3 |  3.5
Dodging        | 3 4 |  4.1
Evocations     | 1 2 |  2.7
Unarmed Combat | 4 |  4.6
Shapeshifting  | 4 |  4.2
Spellcasting   | 1 |  1.3

Action                     |  1- 3 |  4- 6 |  7- 9 || total
---------------------------+-------+-------+-------++-------
  Melee: Unarmed           |    59 |    86 |    18 ||   163
         Tentacles         |    14 |    13 |     7 ||    34
         Constrict         |    17 |    21 |     6 ||    44
         Punch             |     2 |     3 |     2 ||     7
  Evoke: Wand              |       |    15 |     5 ||    20
    Use: Potion            |       |       |     2 ||     2
   Stab: Sleeping          |     3 |     8 |     1 ||    12
         Distracted        |       |     1 |       ||     1
 Armour: Skin              |     1 |     1 |     4 ||     6
  Dodge: Dodged            |    33 |    44 |    12 ||    89

Table legend: (Time is in decaauts)
 A = Elapsed time spent in this place.
 B = Non-inter-level travel time spent in this place.
 C = Inter-level travel time spent in this place.
 D = Time resting spent in this place.
 E = Time spent auto-exploring this place.
 F = Levels seen in this place.
 G = Mean time per level.
                   A        B        C        D        E       F      G
               +--------+--------+--------+--------+--------+-----+--------+
         Total |   4049 |   3960 |     89 |    320 |   3068 |   6 |  674.8 |
       Dungeon |   4049 |   3960 |     89 |    320 |   3068 |   6 |  674.8 |
               +--------+--------+--------+--------+--------+-----+--------+

Top non-repeatable levels by time:
     D:2: 965 daAuts
     D:4: 960 daAuts
     D:5: 729 daAuts
     D:3: 642 daAuts
     D:1: 566 daAuts
     D:6: 184 daAuts
